 Dungeon Crawl Stone Soup version 0.30.1-11-g7821555f0a (webtiles) character file.

Game seed: 14817178668542411711

3152 Peloso the Carver (level 9, 0/79 HPs)
             Began as a Minotaur Fighter on Nov 6, 2023.
             Was an Initiate of Okawaru.
             Asphyxiated
             ... on level 8 of the Dungeon.
             The game lasted 00:11:19 (7701 turns).

Peloso the Carver (Minotaur Fighter)                Turns: 7701, Time: 00:11:21

Health: 0/79       AC: 11    Str: 21    XL:     9   Next: 62%
Magic:  8/8        EV: 10    Int:  5    God:    Okawaru [......]
Gold:   394        SH:  6    Dex: 22    Spells: 8/8 levels left

rFire   . . .        b - +12 spear of Defilement {speed, Dex+2}
rCold   . . .        d - +0 buckler
rNeg    . . .        C - +0 chain mail
rPois   .            (helmet restricted)
rElec   .            (no cloak)
rCorr   .            (no gloves)
SInv    .            (no boots)
Will    .....        (no amulet) Stlth
                     q - +6 ring of dexterity
HPRegen 0.33/turn    (no ring)
MPRegen 0.11/turn

%: no passive effects
@: mighty, lethally poisoned (0 -> -23), slowed, very slow
A: horns 2, retaliatory headbutt
a: Renounce Religion


You were on level 8 of the Dungeon.
You worshipped Okawaru.
Okawaru was noncommittal.
You visited 2 branches of the dungeon, and saw 9 of its levels.

You collected 394 gold pieces.

Inventory:

Hand Weapons
 a - a +0 long sword
 b - the +12 spear of Defilement (weapon) {speed, Dex+2}
   (You found it on level 5 of the Dungeon)

   Dex:       It affects your dexterity (+2).
 c - a +0 morningstar of flaming
Missiles
 f - 2 throwing nets (quivered)
Armour
 d - a +0 buckler (worn)
 y - +0 swamp dragon scales
 C - a +0 chain mail (worn)
Jewellery
 j - a ring of fire
 q - a +6 ring of dexterity (left hand)
 D - an amulet of reflection
Wands
 k - a wand of quicksilver (4)
 x - a wand of roots (16)
Scrolls
 e - 9 scrolls of teleportation {unknown}
 g - 4 scrolls of enchant armour {unknown}
 h - a scroll of acquirement
 i - 2 scrolls of magic mapping
 m - a scroll of identify
 o - a scroll of brand weapon {unknown}
 u - a scroll of fear
 v - 2 scrolls of vulnerability {unknown}
 w - a scroll of amnesia
 z - a scroll of silence
 A - 3 scrolls of poison {unknown}
 B - a scroll of fog
 E - a scroll of enchant weapon {unknown}
 F - a scroll of blinking
 H - a scroll of immolation {unknown}
Potions
 l - 3 potions of lignification
 n - a potion of haste
 p - a potion of might
 r - 3 potions of mutation
 s - 3 potions of ambrosia
 t - a potion of curing
 G - a potion of brilliance {unknown}


   Skills:
 + Level 7.6 Fighting
 + Level 9.6 Long Blades
 + Level 4.2 Polearms
 + Level 9.1 Armour
 + Level 2.7 Dodging
 + Level 1.6 Stealth
 + Level 5.9 Shields
 + Level 1.2 Evocations


You had 8 spell levels left.
You didn't know any spells.
Your spell library contained the following spells:

 Spells                   Type           Power      Damage    Failure   Level
 Apportation              Tloc           0%         N/A       98%         1
 Kiss of Death            Conj/Necr      0%         2d5       98%         1
 Necrotise                Necr           0%         1d4       98%         1
 Sandblast                Erth           0%         2d4       98%         1
 Passwall                 Tmut/Erth      0%         N/A       99%         2
 Sublimation of Blood     Necr           0%         N/A       99%         2
 Wereblood                Tmut           0%         N/A       99%         2
 Confusing Touch          Hex            0%         N/A       100%        3
 Inner Flame              Hex/Fire       0%         N/A       100%        3
 Stone Arrow              Conj/Erth      0%         3d7       100%        3
 Dispel Undead            Necr           0%         3d6       100%        4
 Yara's Violent Unravell  Hex/Tmut       0%         3d3       100%        5
 Enfeeble                 Hex            0%         N/A       100%        7
 Summon Small Mammal      Summ           Unusable   N/A       N/A         1
 Summon Hydra             Summ           Unusable   N/A       N/A         7

Dungeon Overview and Level Annotations

Branches:
Dungeon (8/15)             Temple (1/1) D:7
   Lair: D:8-11

Altars:
Cheibriados
Dithmenos
Elyvilon
Fedhas
Gozag
Hepliaklqana
Kikubaaqudgha
Makhleb
Nemelex Xobeh
Okawaru
Qazlal
Ru
Sif Muna
Trog
Uskayaw
Vehumet
Wu Jian
Xom
Yredelemnul
The Shining One

Shops:
D:7 [

Annotations:
D:8 Amaemon


Innate Abilities, Weirdness & Mutations

You have a pair of horns on your head.
You reflexively headbutt those who attack you in melee.


Message History

You block the orc priest's attack.
Amaemon moves out of view.
You puncture the orc priest! Your headbutt misses the orc priest.
The orc priest is heavily wounded.
The orc priest barely misses you.
You closely miss the orc priest.
The orc priest is heavily wounded.
You puncture the orc priest!
You kill the orc priest!
Okawaru accepts your kill.
You feel very mighty all of a sudden.
Amaemon says, "Afraid of a little sting?"
You puncture Amaemon! Your headbutt misses Amaemon.
Amaemon is lightly wounded.
Amaemon gestures wildly while chanting.
You puncture Amaemon!
Amaemon is moderately wounded.
You puncture Amaemon!
Amaemon is heavily wounded.
Amaemon barely misses you. You furiously retaliate!
You headbutt Amaemon! Amaemon claws you. Amaemon tail-slaps you.
You are poisoned.
Amaemon poisons you!
You puncture Amaemon! You headbutt Amaemon!
Amaemon is severely wounded.
You feel very sick.
Amaemon hits you with the +8 whip "Snakebite" {venom, curare, rPois}!
* * * LOW HITPOINT WARNING * * *
You are lethally poisoned!
You have difficulty breathing.
* * * LOW HITPOINT WARNING * * *
You feel yourself slow down. Amaemon claws you!
* * * LOW HITPOINT WARNING * * *
You block Amaemon's attack.
You feel better. You block the scorpion's attack.
Amaemon hits you with the +8 whip "Snakebite" {venom, curare, rPois}!
* * * LOW HITPOINT WARNING * * *
You are lethally poisoned!
You are more poisoned.
You have difficulty breathing.
You die...

#. ... #.. ....... .#.
#.###.# #####. ..
#....# #######. # #.
#.#.###....##. #. #.##
##............ #..
#..###...###.##....
#...##..#)#..###.###...
#....)..)).......###.#.
....#@.###............
#....6s..............#.
#....#..###.........###
#....#..# ##.#####.## #
#... #..# #.# #.## #...
.... ##.## # #.. #..#
##.### #.^ ...# ##)#.
#####))#


You could see Amaemon and a scorpion (summoned).

Vanquished Creatures
  Maggie (D:7)
  Sigmund (D:5)
  Eustachio (D:5)
  Menkaure (D:7)
  An acid dragon (D:5)
  A water moccasin (D:6)
  2 ice beasts
  A sky beast (D:6)
  A black bear (D:6)
  2 ogres
  A centaur (D:5)
  A phantom (D:3)
  A kobold brigand (D:8)
  A bullfrog (D:3)
  4 scorpions
  A gnoll sergeant (D:5)
  5 wights (D:8)
  A howler monkey (D:7)
  A gnoll bouda (D:8)
  A hound (D:3)
  3 orc priests
  3 jellies
  3 iguanas
  6 orc wizards
  4 sleepcaps
  11 gnolls
  4 adders
  A shadow imp (D:8)
  An ufetubus (D:4)
  A worm (D:2)
  A dart slug (D:5)
  22 orcs
  5 ball pythons
  3 bats
  4 endoplasms
  3 giant cockroaches
  9 goblins
  3 hobgoblins
  7 jackals
  8 kobolds
  2 quokkas
  2 frilled lizards (D:2)
  3 rats
138 creatures vanquished.

Notes
Turn   | Place    | Note
-------+----------+-------------------------------------------
     0 | D:1      | Peloso the Minotaur Fighter began the quest for the Orb.
     0 | D:1      | Reached XP level 1. HP: 19/19 MP: 0/0
   132 | D:1      | You fall into a shaft and drop 1 floor!
   143 | D:2      | Reached XP level 2. HP: 27/27 MP: 1/1
   158 | D:2      | Reached skill level 1 in Dodging
   249 | D:2      | Reached XP level 3. HP: 22/33 MP: 2/2
  1163 | D:1      | Found a faded altar of an unknown god.
  1163 | D:1      | Noticed a neqoxec
  1704 | D:3      | Noticed a bullfrog
  1709 | D:3      | Killed a bullfrog
  1710 | D:3      | Reached XP level 4. HP: 40/40 MP: 3/3
  1713 | D:3      | Found the +5 robe of Misfortune {Harm *Corrode *Slow EV+5}
  1951 | D:3      | Reached skill level 5 in Armour
  1951 | D:3      | Reached XP level 5. HP: 46/46 MP: 4/4
  2266 | D:4      | Noticed a phantom
  2291 | D:3      | Killed a phantom
  2352 | D:4      | Reached XP level 6. HP: 15/53 MP: 5/5
  2809 | D:4      | Reached skill level 5 in Long Blades
  2901 | D:4      | Found a shimmering blue altar of Sif Muna.
  3219 | D:5      | Entered Level 5 of the Dungeon
  3232 | D:5      | Reached skill level 5 in Fighting
  3232 | D:5      | Reached XP level 7. HP: 20/61 MP: 6/6
  3640 | D:5      | HP: 2/61 [ogre/+0 giant club (16)]
  3643 | D:5      | Reached skill level 1 in Stealth
  3861 | D:5      | Found a blossoming altar of Fedhas.
  4168 | D:5      | Noticed Sigmund
  4179 | D:5      | Killed Sigmund
  4180 | D:5      | Reached skill level 5 in Shields
  4180 | D:5      | Reached XP level 8. HP: 59/70 MP: 7/7
  4302 | D:5      | Noticed Eustachio
  4317 | D:5      | Killed Eustachio
  4318 | D:5      | Reached skill level 1 in Evocations
  4601 | D:5      | Identified the +12 spear of Defilement {speed, Dex+2}
  5738 | D:6      | Reached XP level 9. HP: 78/78 MP: 8/8
  6286 | D:6      | Identified a scroll of acquirement
  6339 | D:7      | Found a glowing golden altar of the Shining One.
  6371 | D:7      | Noticed Maggie
  6388 | D:7      | Killed Maggie
  6389 | D:7      | Reached skill level 1 in Polearms
  6565 | D:7      | Found a staircase to the Ecumenical Temple.
  6660 | Temple   | Entered the Ecumenical Temple
  6961 | D:7      | Found an iron altar of Okawaru.
  6964 | D:7      | Became a worshipper of Warmaster Okawaru
  7108 | D:7      | Found a stormy altar of Qazlal.
  7118 | D:7      | Noticed Menkaure
  7123 | D:7      | Killed Menkaure
  7312 | D:7      | Found Rylufona's Antique Armour Shop.
  7692 | D:8      | Noticed Amaemon
  7701 | D:8      | Asphyxiated

Illustrated notes

Levels and vault maps discovered:
D:1:      dpeg_arrival_radiant, layout_loops_ring,
          dreamdust_ecumenical_altar_sealed_demon, st_stairs_8
D:2:      layout_loops_cross, hex_tiny
D:3:      layout_loops_cross
D:4:      layout_cave_pools, lemuel_coloured_pillars_altar, minmay_cupped
D:5:      layout_cave_pods, fedhas_altar_4, uniq_eustachio, uniq_sigmund
D:6:      layout_layer_cave, hangedman_decor_slide_cut
D:7:      layout_basic, grunt_qazlal_clouds, kennysheep_mini_moat,
          overflow_temple_1_default, minmay_temple_entry_slanted, serial_shops,
          nicolae_shop_advertising_works [nicolae_subvault_shop_adworks],
          uniq_maggie, uniq_menkaure
D:8:      layout_loops_ring, zin_statuary, uniq_amaemon
Temple:   nicolae_temple_bog_church

Skill      XL: |  1  2  3  4  5  6  7  8  9 |
---------------+----------------------------+-----
Dodging        | 1 2 |  2.7
Armour         | 4 5 6 7 9 |  9.1
Shields        | 4 5 |  5.9
Fighting       | 4 5 6 7 |  7.6
Long Blades    | 3 4 5 7 9 |  9.6
Stealth        | 1 |  1.6
Evocations     | 1 |  1.2
Polearms       | 4 |  4.2

Action                     |  1- 3 |  4- 6 |  7- 9 || total
---------------------------+-------+-------+-------++-------
  Melee: Long sword        |    88 |   102 |    69 ||   259
         Headbutt          |     9 |    14 |    37 ||    60
         Spear             |       |       |   125 ||   125
  Evoke: Wand              |       |       |     8 ||     8
    Use: Potion            |     3 |       |     2 ||     5
         Scroll            |     2 |       |    11 ||    13
 Armour: Scale mail        |    50 |    20 |       ||    70
         Chain mail        |       |    28 |    44 ||    72
  Dodge: Dodged            |    51 |    55 |    70 ||   176
  Block: Buckler           |    22 |    30 |    36 ||    88
